 Dungeon Crawl Stone Soup version 0.31.0-9-g3a7656b989 (webtiles) character file.

Game seed: 14721752918152083787

219 qw the Shooter (level 5, -3/42 HPs)
             Began as a Demigod Hunter on Feb 2, 2024.
             Incinerated by a bombardier beetle (6 damage)
             ... with a burning spray
             ... on level 4 of the Dungeon.
             The game lasted 00:00:09 (2400 turns).

qw the Shooter (Demigod Hunter)                     Turns: 2400, Time: 00:00:09

Health: -3/42      AC:  5    Str: 12    XL:     5   Next: 36%
Magic:  7/7        EV: 12    Int: 11    God:
Gold:   217        SH:  0    Dex: 21    Spells: 4/4 levels left

rFire   . . .        a - +0 shortbow
rCold   . . .        (shield currently unavailable)
rNeg    . . .        c - +0 leather armour
rPois   .            (no helmet)
rElec   .            (no cloak)
rCorr   .            f - +0 pair of gloves
SInv    .            m - +0 pair of boots
Will    .....        (no amulet)
Stlth   +            (no ring)
HPRegen 0.27/turn    (no ring)
MPRegen 0.10/turn

%: no passive effects
@: on fire, glowing
A: high MP 1, forlorn, divine attributes
a: no special abilities


You were on level 4 of the Dungeon.
You visited 1 branch of the dungeon, and saw 4 of its levels.

You collected 217 gold pieces.


Innate Abilities, Weirdness & Mutations

You have an increased reservoir of magic. (+10% MP)
You shall have no god before yourself.
Your divine heritage dramatically boosts your attributes as you level up.


   Skills:
 + Level 2.5 Fighting
 - Level 6.0 Ranged Weapons
 - Level 2.0 Dodging
 - Level 0.8 Stealth


You had 4 spell levels left.
You didn't know any spells.
Your spell library was empty.

Inventory:

Hand Weapons
 a - a +0 shortbow (weapon)
Armour
 c - a +0 leather armour (worn)
 f - a +0 pair of gloves (worn)
 m - a +0 pair of boots (worn)
Jewellery
 g - a ring of fire
Wands
 e - a wand of flame (12)
Potions
 b - a potion of invisibility {unknown}
 d - 3 potions of enlightenment
 h - a potion of might
 i - a potion of curing
 n - a potion of attraction {unknown}

Dungeon Overview and Level Annotations

Branches:
Dungeon (4/15)             Temple (0/1) D:4


Message History

The arrow completely misses the hobgoblin.
You shoot an arrow. The arrow barely misses the hobgoblin.
You shoot an arrow. The arrow closely misses the hobgoblin.
The hobgoblin misses you.
You shoot an arrow. The arrow hits the hobgoblin!
You kill the hobgoblin!
You now have 217 gold pieces (gained 9).
A bombardier beetle comes into view.
You shoot an arrow.
The arrow hits the bombardier beetle but does no damage.
You shoot an arrow. The arrow hits the bombardier beetle!
The bombardier beetle is heavily wounded.
The bombardier beetle sprays incendiary fluid at you.
The burning spray hits you.
You are covered in liquid fire!
You shoot an arrow. The arrow hits the bombardier beetle!
The bombardier beetle is almost dead.
The liquid fire burns you!
You shoot an arrow. The arrow hits the bombardier beetle!
You kill the bombardier beetle!
The liquid fire burns you!
You are on fire!
The liquid fire burns you!
You are on fire!
The liquid fire burns you!
You are on fire!
The liquid fire burns you!
You are on fire!
The liquid fire burns you!
You are on fire!
The liquid fire burns you!
You are on fire!
The liquid fire burns you!
You are on fire!
The liquid fire burns you!
You are on fire!
The liquid fire burns you!
You are on fire!
The liquid fire burns you!
You die...

...........# ............#
............# ...........##### .
.........###...# #.
+#......###.#.# ##.##
#..........#.# +....
#.....####.#.# #.... #.....#
#@#.# # .....##.....##...#.#
#.########## ............##.#...#
#........).. #......####.##.#....
........#### #####..# #.## ###.#
###.......# #..####.# .#
#.###.#.# #.......#
.#####.#...#.## ##.##...#
...............
.####.....#########.####.........


There were no monsters in sight!

Vanquished Creatures
  A bombardier beetle (D:4)
  A hound (D:4)
  An iguana (D:4)
  Terence (D:2)
  A gnoll (D:1)
  2 adders
  2 dart slugs
  4 orcs
  7 ball pythons
  8 endoplasms
  3 goblins
  9 hobgoblins
  5 jackals
  4 quokkas
  5 bats
  6 kobolds
  3 rats
63 creatures vanquished.

Notes
Turn   | Place    | Note
-------+----------+-------------------------------------------
     0 | D:1      | qw the Demigod Hunter began the quest for the Orb.
     0 | D:1      | Reached XP level 1. HP: 17/17 MP: 3/3
     0 | D:1      | 0 ||| qw: Version: 0.3-a-155-g5e7d8dd
     0 | D:1      | 0 ||| qw: Game counter: 410
     0 | D:1      | 0 ||| qw: Melee chars always use a shield: true
     0 | D:1      | 0 ||| qw: God list: Okawaru
     0 | D:1      | 0 ||| qw: Allow faded altars: false
     0 | D:1      | 0 ||| qw: Do Orc after clearing Dungeon:15 true
     0 | D:1      | 0 ||| qw: Do second Lair branch before Depths: true
     0 | D:1      | 0 ||| qw: Lair rune preference: random
     0 | D:1      | 0 ||| qw: Goals: Normal
     0 | D:1      | 0 ||| PLANNING D:1-11
   114 | D:1      | Reached skill level 4 in Ranged Weapons
   217 | D:1      | Reached XP level 2. HP: 24/24 MP: 4/4
   470 | D:1      | Reached XP level 3. HP: 12/29 MP: 5/5
   776 | D:1      | 776 ||| UPGRADING to +0 pair of gloves.
   781 | D:1      | 781 ||| READING scroll labelled HASTIBL YRUO.
   782 | D:1      | 782 ||| DRINKING 2 sedimented brown potions.
   783 | D:1      | 783 ||| DRINKING 2 smoky blue potions.
   811 | D:1      | 811 ||| DROPPING scroll of butterflies.
   812 | D:1      | 812 ||| DROPPING potion of lignification.
  1068 | D:2      | Noticed Terence
  1081 | D:2      | HP: 5/29 [Terence/+0 mace (7)]
  1082 | D:2      | Killed Terence
  1083 | D:2      | Reached skill level 5 in Ranged Weapons
  1083 | D:2      | Reached XP level 4. HP: 7/36 MP: 6/6
  1464 | D:2      | 1464 ||| READING scroll labelled JOENEWNESU.
  1465 | D:2      | 1465 ||| READING 2 scrolls labelled ZYPEMODWEPN.
  1469 | D:2      | 1469 ||| DRINKING 2 smoky dark potions.
  1678 | D:3      | 1678 ||| DRINKING 2 bubbling dark potions.
  2094 | D:3      | 2094 ||| UPGRADING to +0 pair of boots.
  2099 | D:3      | 2099 ||| READING scroll labelled BUFIYH KITUA.
  2100 | D:3      | 2100 ||| READING scroll labelled FYNIYS XUDIQ.
  2132 | D:4      | 2132 ||| RETREEEEATING.
  2133 | D:4      | 2133 ||| RETREEEEATING.
  2135 | D:4      | 2135 ||| RETREEEEATING.
  2135 | D:4      | Found a staircase to the Ecumenical Temple.
  2148 | D:4      | HP: 9/36 [orc/+0 hand axe (1)]
  2149 | D:4      | 2149 ||| READING scroll of teleportation.
  2155 | D:4      | HP: 4/36 [frozen (3)]
  2359 | D:4      | Reached skill level 6 in Ranged Weapons
  2359 | D:4      | Reached XP level 5. HP: 41/41 MP: 7/7
  2398 | D:4      | HP: 7/42 [burnt (5)]
  2399 | D:4      | HP: 3/42 [burnt (4)]
  2400 | D:4      | Incinerated by a bombardier beetle

Levels and vault maps discovered:
D:1:      nzn_arrival_settlement, layout_loops_ring, grunt_decor_one_mirror
D:2:      layout_rooms, nicolae_eternal_life, minmay_split_cup_small,
          uniq_terence
D:3:      layout_basic, amcnicky_altar_gilded
D:4:      layout_basic, mainiacjoe_overflow_paths,
          nicolae_overflow_crystal_walls, mainiacjoe_overflow_alcove_2,
          minmay_temple_entry_junction, lightli_corner_chamber

Skill      XL: |  1  2  3  4 |
---------------+-------------+-----
Ranged Weapons | 4 5 6 |  6.0
Fighting       | 2 |  2.5
Dodging        | 2 |  2.0
Stealth        | |  0.8

Action                     |  1- 3 |  4- 6 || total
---------------------------+-------+-------++-------
   Fire: Shortbow          |   103 |    92 ||   195
    Use: Potion            |     2 |     2 ||     4
         Scroll            |     1 |     5 ||     6
 Armour: Leather armour    |    36 |    26 ||    62
  Dodge: Dodged            |    34 |    35 ||    69

Table legend:
 A = Non-vault XP
 B = Vault XP
 C = Vault XP percentage of total XP
 D = Non-vault monster count
 E = Vault monster count
 F = Vault count percentage of total count
                 A         B        C        D         E       F
            +---------+---------+-------+---------+---------+-------
      Total |     272 |      42 |  13.4 |      59 |       4 |   6.3
            +---------+---------+-------+---------+---------+-------
        D:1 |      62 |       0 |   0.0 |      27 |       0 |   0.0
        D:2 |      32 |      42 |  56.8 |      11 |       4 |  26.7
        D:3 |      40 |       0 |   0.0 |      14 |       0 |   0.0
        D:4 |     138 |       0 |   0.0 |       7 |       0 |   0.0
            +---------+---------+-------+---------+---------+-------
